 Dungeon Crawl Stone Soup version 0.26-b1-32-g5d43845318 (webtiles) character file.

Game seed: 1303302137856038944

326 Arthanis the Firebug (level 6, -1/32 HPs)
             Began as a Deep Elf Fire Elementalist on Jan 11, 2021.
             Slain by Grinder (6 damage)
             ... while paralysed by Grinder
             ... on level 4 of the Dungeon.
             The game lasted 00:03:45 (3262 turns).

Arthanis the Firebug (Deep Elf Fire Elementalist)   Turns: 3262, Time: 00:03:45

Health: -1/32      AC:  3    Str:  5    XL:     6   Next: 24%
Magic:  11/15      EV:  2    Int: 22    God:
Gold:   174        SH:  0    Dex: 15    Spells: 2/15 levels left

rFire    . . .     SeeInvis .   c - +0 spear
rCold    . . .     Faith    .   (no shield)
rNeg     . . .     Spirit   .   a - +0 robe
rPois    .         Reflect  .   (no helmet)
rElec    .         Harm     .   (no cloak)
rCorr    .         Rampage  .   b - +0 pair of gloves
Will     .....                  (no boots)
Stlth    +.........             p - amulet of the acrobat
HPRegen  0.10/turn              j - ring of attention (curse)
MPRegen  0.14/turn              (no ring)

@: paralysed, lethally poisoned (-1 -> -4)
A: no striking features
a: no special abilities


You were on level 4 of the Dungeon.
You visited 1 branch of the dungeon, and saw 4 of its levels.

You collected 174 gold pieces.

Inventory:

Hand Weapons
 c - a +0 spear (weapon)
Armour
 a - a +0 robe (worn)
 b - a +0 pair of gloves (worn)
Jewellery
 j - a cursed ring of attention (left hand)
 p - an amulet of the acrobat (around neck)
 u - a cursed ring of teleportation {unknown}
Wands
 k - a wand of flame (20)
Scrolls
 d - 5 scrolls of identify {unknown}
 f - 3 scrolls of remove curse {unknown}
 g - 2 scrolls of enchant armour {unknown}
 h - a scroll of noise {unknown}
 l - 2 scrolls of enchant weapon {unknown}
 o - a scroll of amnesia {unknown}
 q - 3 scrolls of teleportation {unknown}
 s - a scroll of fear {unknown}
 t - a scroll of fog {unknown}
Potions
 e - 2 potions of brilliance {unknown}
 i - a potion of might {unknown}
 m - 4 potions of curing {unknown}
 n - 2 potions of heal wounds {unknown}
 r - a potion of magic {unknown}


   Skills:
 - Level 2.4 Dodging
 - Level 2.4 Stealth
 + Level 5.0 Spellcasting
 + Level 3.5 Conjurations
 * Level 6.0 Fire Magic


You had 2 spell levels left.
You knew the following spells:

 Your Spells              Type           Power        Failure   Level
a - Foxfire               Conj/Fire      100%         1%          1
b - Conjure Flame         Conj/Fire      26%          4%          3
c - Sticky Flame          Conj/Fire      26%          14%         4
d - Fireball              Conj/Fire      13%          36%         5

Your spell library contained the following spells:

 Spells                   Type           Power        Failure   Level
 Inner Flame              Hex/Fire       18%          9%          3


Dungeon Overview and Level Annotations

Branches:
Dungeon (4/15)
 Temple: D:4-7

Altars:
Gozag
Nemelex Xobeh

Annotations:
D:4 Grinder


Message History

Grinder hits you.
You writhe in agony.
Your Fire Magic skill increases to level 6!
Casting: Foxfire (safe; 1% risk of failure)
Confirm with . or Enter, or press ? or * to list all spells.
You conjure some foxfire!
You feel sick.
The foxfire hits Grinder.
Grinder is lightly wounded.
Grinder gestures at you.
You suddenly lose the ability to move!
The foxfire hits Grinder.
Grinder is moderately wounded.
The foxfire hits Grinder.
Grinder is moderately wounded.
The foxfire hits Grinder.
Grinder is heavily wounded.
Grinder hits you.
* * * LOW HITPOINT WARNING * * *
You writhe in agony.
* * * LOW HITPOINT WARNING * * *
Grinder hits you.
You die...

.# .# .# #. .# #.
.# #.#######.#
#......§.5###
####.......@...#..
...+......§....>...
#.##...........#...
#.##........†..# .
#.####.##'######
##.####.##.....# .
#.......######.#
..###..######
.......### .#


You could see Grinder.

Vanquished Creatures
  A bullfrog (D:4)
  2 hounds (D:4)
  A bullfrog skeleton (D:4)
  Jessica (D:2)
  A worker ant (D:4)
  7 adders
  3 worms
  A dart slug (D:4)
  3 leopard geckos
  A ball python (D:3)
  3 giant cockroaches
  4 goblins
  3 hobgoblins
  7 jackals
  A quokka (D:2)
  9 bats
  4 frilled lizards
  A kobold (D:1)
  6 rats
59 creatures vanquished.

Vanquished Creatures (others)
  254 foxfires
254 creatures vanquished.

Grand Total: 313 creatures vanquished

Notes
Turn   | Place    | Note
-------+----------+-------------------------------------------
     0 | D:1      | Arthanis the Deep Elf Fire Elementalist began the quest for
                  | the Orb.
     0 | D:1      | Reached XP level 1. HP: 10/10 MP: 6/6
   446 | D:2      | Noticed Jessica
   451 | D:2      | Killed Jessica
   452 | D:2      | Reached skill level 4 in Fire Magic
   452 | D:2      | Reached XP level 2. HP: 11/15 MP: 0/8
   452 | D:2      | Reached XP level 3. HP: 14/19 MP: 0/10
   456 | D:2      | Learned a level 3 spell: Conjure Flame
  1032 | D:2      | Reached XP level 4. HP: 24/24 MP: 4/11
  1037 | D:2      | Learned a level 4 spell: Sticky Flame
  1689 | D:2      | Found a sparkling altar of Nemelex Xobeh.
  2233 | D:3      | Found an opulent altar of Gozag.
  2261 | D:3      | Reached skill level 5 in Fire Magic
  2765 | D:4      | Noticed a bullfrog
  2771 | D:4      | Reached XP level 5. HP: 22/28 MP: 8/13
  2776 | D:4      | Noticed Grinder
  2794 | D:4      | Reached XP level 6. HP: 16/32 MP: 3/15
  3003 | D:3      | Learned a level 5 spell: Fireball
  3094 | D:4      | Reached skill level 5 in Spellcasting
  3252 | D:4      | Paralysed by Grinder for 6 turns
  3260 | D:4      | Reached skill level 6 in Fire Magic
  3260 | D:4      | Paralysed by Grinder for 5 turns
  3262 | D:4      | Slain by Grinder

Illustrated notes

Levels and vault maps discovered:
D:1:      tarquinn_simple_flora_water_d, layout_rooms
D:2:      layout_loops_cross, general_overflow_altar, uniq_jessica
D:3:      layout_basic, nicolae_gozag_cash_rules_everything_around_me
D:4:      layout_basic, makhleb_blood_cavern_becter, lemuel_doored_altar,
          st_stairs_3, minmay_checkerbox, uniq_grinder

Skill      XL: |  1  2  3  4  5  6 |
---------------+-------------------+-----
Fire Magic     | 4 5 6 |  6.0
Conjurations   | 2 3 |  3.5
Spellcasting   | 4 5 |  5.0
Dodging        | |  2.4
Stealth        | |  2.4

Action                   |  1- 3 |  4- 6 || total
-------------------------+-------+-------++-------
Melee: Spear             |     3 |     8 ||    11
 Cast: Foxfire           |    53 |   107 ||   160
 Stab: Sleeping          |       |     2 ||     2
Armor: Robe              |     5 |     5 ||    10
Dodge: Dodged            |    12 |    32 ||    44
